 Dungeon Crawl Stone Soup version 0.29.0-4-gdea44cf6ec (webtiles) character file.

Game seed: 13826657019235194545

91 qw the Chopper (level 4, 0/26 HPs)
             Began as a Tengu Warper on Aug 28, 2022.
             Slain by a worm (8 damage)
             ... on level 3 of the Dungeon.
             The game lasted 00:00:11 (1773 turns).

qw the Chopper (Tengu Warper)                       Turns: 1773, Time: 00:00:12

Health: 0/26       AC: 10    Str: 14    XL:     4   Next: 59%
Magic:  8/8        EV:  4    Int: 13    God:
Gold:   127        SH:  0    Dex: 13    Spells: 7/7 levels left

rFire   . . .      SeeInvis +   Y - +0 hand axe
rCold   . . .      Faith    .   (no shield)
rNeg    . . .      Spirit   .   l - +0 plate armour
rPois   .          Reflect  .   (helmet restricted)
rElec   .          Harm     .   (no cloak)
rCorr   .          Rampage  .   (no gloves)
Will    .....                   (boots unavailable)
Stlth   ..........              (no amulet)
HPRegen 0.08/turn               a - ring of see invisible
MPRegen 0.11/turn               (no ring)

@: no status effects
A: beak, talons 3
a: no special abilities


You were on level 3 of the Dungeon.
You visited 1 branch of the dungeon, and saw 3 of its levels.

You collected 127 gold pieces.


Innate Abilities, Weirdness & Mutations

You have a beak for a mouth.
You have claws for feet.


   Skills:
 - Level 2.0 Fighting
 + Level 4.8 Axes
 - Level 1.0 Throwing
 - Level 2.0 Armour
 - Level 2.1 Dodging
 - Level 2.0 Spellcasting
 - Level 2.4 Translocations


You had 7 spell levels left.
You didn't know any spells.
Your spell library contained the following spells:

 Spells                   Type           Power      Damage    Failure   Level
 Blink                    Tloc           14%        N/A       100%        2
 Gell's Gravitas          Tloc           7%         N/A       100%        3
 Lesser Beckoning         Tloc           7%         N/A       100%        3
 Teleport Other           Tloc           7%         N/A       100%        3
 Manifold Assault         Tloc           7%         N/A       100%        5

Inventory:

Hand Weapons
 h - a +0 whip
 Y - a +0 hand axe (weapon)
Armour
 l - a +0 plate armour (worn)
Jewellery
 a - a ring of see invisible (left hand)
Potions
 d - a potion of curing {unknown}
 e - a potion of mutation {unknown}
 f - a potion of might {unknown}
 g - a potion of lignification {unknown}
 k - a potion of heal wounds {unknown}
 m - a potion of haste {unknown}

Dungeon Overview and Level Annotations

Branches:
Dungeon (3/15)

Altars:


Message History

You barely miss the orc. The orc hits you but does no damage.
The orc hits you with a +0 flail.
You hit the orc. Your kick misses the orc.
The orc is heavily wounded.
You hit the orc. The orc hits you with a +0 flail!
The orc hits you but does no damage.
You hit the orc but do no damage. You claw the orc.
You kill the orc!
You barely miss the orc. The orc barely misses you.
The orc hits you but does no damage.
You closely miss the orc. Your kick misses the orc.
The orc is lightly wounded.
You barely miss the giant cockroach.
The giant cockroach bites you but does no damage.
The orc barely misses you.
You closely miss the orc.
The orc is lightly wounded.
You hit the giant cockroach but do no damage.
The giant cockroach barely misses you. The orc hits you with a +0 whip.
You hit the orc but do no damage. You peck the orc.
The orc is moderately wounded.
You closely miss the giant cockroach.
The giant cockroach bites you but does no damage.
The orc hits you but does no damage.
The giant cockroach bites you but does no damage.
You hit the orc. You claw the orc.
You kill the orc!
You hit the giant cockroach. The giant cockroach barely misses you.
You slash the giant cockroach!
You kill the giant cockroach!
You hit the worm. You claw the worm.
The worm is heavily wounded.
You barely miss the worm. Your kick misses the worm.
The worm is heavily wounded.
The worm bites you.
You hit the worm.
The worm is heavily wounded.
The worm bites you!
You die...

#...........#......B......
.............#............
..........................
..........>...............
.....................B..
.................. ... .
..............#####.##....
#........)......@w.....<..
##<..............)...>....
#########.......####.....
#..<....# .... ##......#
... #.......# ..
#######... . .##


You could see a worm.

Vanquished Creatures
  2 adders (D:2)
  A dart slug (D:3)
  4 orcs (D:3)
  3 bats
  5 endoplasms
  4 giant cockroaches
  4 goblins
  3 hobgoblins (D:1)
  7 jackals
  4 kobolds
  3 quokkas (D:1)
  7 ball pythons
  11 frilled lizards (D:2)
  3 rats
61 creatures vanquished.

Notes
Turn   | Place    | Note
-------+----------+-------------------------------------------
     0 | D:1      | qw the Tengu Warper began the quest for the Orb.
     0 | D:1      | Reached XP level 1. HP: 12/12 MP: 4/4
     0 | D:1      | 0 ||| qw: Version: 0.1-a-89-g26bdef1
     0 | D:1      | 0 ||| qw: Game counter: 3228
     0 | D:1      | 0 ||| qw: Always use a shield: true
     0 | D:1      | 0 ||| qw: God list: Okawaru
     0 | D:1      | 0 ||| qw: Allow faded altars: false
     0 | D:1      | 0 ||| qw: Do Orc after D:15 true
     0 | D:1      | 0 ||| qw: Do second Lair branch before Depths: true
     0 | D:1      | 0 ||| qw: Lair rune preference: random
     0 | D:1      | 0 ||| qw: Plans: Normal
     0 | D:1      | 0 ||| PLANNING D:1-11
    85 | D:1      | Reached XP level 2. HP: 17/17 MP: 6/6
    94 | D:1      | Reached skill level 3 in Axes
   113 | D:1      | 113 ||| Stepping ~*~*~tactically~*~*~ (stealth).
   121 | D:1      | 121 ||| Stepping ~*~*~tactically~*~*~ (stealth).
   122 | D:1      | 122 ||| Stepping ~*~*~tactically~*~*~ (stealth).
   177 | D:1      | 177 ||| Stepping ~*~*~tactically~*~*~ (stealth).
   234 | D:1      | 234 ||| Stepping ~*~*~tactically~*~*~ (stealth).
   292 | D:1      | 292 ||| Stepping ~*~*~tactically~*~*~ (stealth).
   345 | D:1      | 345 ||| Stepping ~*~*~tactically~*~*~ (stealth).
   410 | D:1      | 410 ||| DROPPING +0 club.
   442 | D:1      | Reached XP level 3. HP: 21/21 MP: 7/7
   665 | D:1      | 665 ||| UPGRADING to +0 plate armour.
   675 | D:1      | 675 ||| DROPPING +0 leather armour.
   676 | D:1      | 676 ||| READING scroll labelled LIUM ZORPHY.
   677 | D:1      | 677 ||| READING scroll labelled HAITETHOL JUEHEEN.
   680 | D:1      | 680 ||| DROPPING scroll of blinking.
   782 | D:2      | Reached skill level 4 in Axes
  1028 | D:2      | Found a faded altar of an unknown god.
  1096 | D:2      | Reached XP level 4. HP: 23/26 MP: 8/8
  1251 | D:2      | 1251 ||| Stepping ~*~*~tactically~*~*~ (stealth).
  1683 | D:2      | 1683 ||| UPGRADING to ring of see invisible.
  1684 | D:2      | 1684 ||| READING 2 scrolls labelled SEZOIVUNKO.
  1685 | D:2      | 1685 ||| DROPPING scroll of noise.
  1753 | D:3      | 1753 ||| Stepping ~*~*~tactically~*~*~ (stealth).
  1758 | D:3      | 1758 ||| Stepping ~*~*~tactically~*~*~ (stealth).
  1773 | D:3      | Slain by a worm

Levels and vault maps discovered:
D:1:      dpeg_arrival_pits, layout_rooms
D:2:      layout_basic, hellmonk_ecumenical_altar_run_dry, minmay_lizard_pond
D:3:      layout_rooms, minmay_door_square, hangedman_decor_opposing,
          grunt_ministairs_14, hex_intersection, nrook_mini_vaults,
          hangedman_decor_push, minmay_fractal_squares_gapless_5, uniq_ijyb

Skill      XL: |  1  2  3 |
---------------+----------+-----
Axes           | 3 4 |  4.8
Armour         | 2 |  2.0
Fighting       | |  2.0
Throwing       | |  1.0
Dodging        | |  2.1
Spellcasting   | |  2.0
Translocations | |  2.4

Action                   |  1- 3 |  4- 6 || total
-------------------------+-------+-------++-------
Melee: Hand axe          |    73 |    49 ||   122
       Kick              |    21 |    12 ||    33
       Peck              |     6 |    15 ||    21
       Punch             |     2 |       ||     2
Throw: Boomerang         |     7 |       ||     7
  Use: Scroll            |     2 |     1 ||     3
Armor: Leather armour    |    13 |       ||    13
       Plate armour      |    39 |    26 ||    65
Dodge: Dodged            |    43 |    10 ||    53

Table legend:
 A = Non-vault XP
 B = Vault XP
 C = Vault XP percentage of total XP
 D = Non-vault monster count
 E = Vault monster count
 F = Vault count percentage of total count
                 A         B        C        D         E       F
            +---------+---------+-------+---------+---------+-------
      Total |     123 |       8 |   6.1 |      53 |       8 |  13.1
            +---------+---------+-------+---------+---------+-------
        D:1 |      41 |       0 |   0.0 |      22 |       0 |   0.0
        D:2 |      62 |       8 |  11.4 |      24 |       8 |  25.0
        D:3 |      20 |       0 |   0.0 |       7 |       0 |   0.0
            +---------+---------+-------+---------+---------+-------
